[Event "*** Titled Tuesday Blitz"]
[Site "Chess.com"]
[Date "2019.08.06"]
[Round "5"]
[White "belisarius64"]
[Black "Marcus_Harvey"]
[Result "1/2-1/2"]
[WhiteElo "2647"]
[BlackElo "2763"]
[TimeControl "180+2"]
[EndTime "14:04:57 PDT"]
[Termination "Game drawn - insufficient material"]

1. e4 e6 2. d4 d5 3. Nc3 Nf6 4. e5 Nfd7 5. f4 c5 6. Nf3 Nc6 7. Be3 a6 8. Qd2 Qb6 9. Na4 Qb4 10. Qxb4 Nxb4 11. Kd2 b6 12. Nc3 Bb7 13. a3 Nc6 14. Bd3 Be7 15. g4 Rc8 16. Rae1 Na5 17. Rhf1 Nc4+ 18.
Bxc4 dxc4 19. f5 h6 20. Bg1 cxd4 21. Bxd4 Nc5 22. f6 gxf6 23. exf6 Bd6 24. Ne5 b5 25.
Kc1 Rg8 26. Rg1 Nd7 27. Nxd7 Kxd7 28. h4 Bh2 29. Be5 Bxg1 30. Rxg1 Bf3 31. g5 hxg5 32. hxg5 Rc5 33. Bf4 Rf5 34. Be3 Rxf6 35. gxf6 Rxg1+ 36. Bxg1 e5 37. Bf2 Ke6 38. Bh4 Kf5 39. Kd2 Kg4 40.
Bf2 Kf5 41. Ke3 Bc6 42. Bh4 Kg4 43. Be1 Kf5 44. Bd2 Kxf6 45. Ne4+ Kf5 46. Nc5 f6 47. Nxa6 Ke6 48. Nc5+ Kd5 49. Ne4 f5 50. Nc3+ Ke6 51.
b3 cxb3 52. cxb3 f4+ 53. Ke2 Kf5 54. a4 bxa4 55. bxa4 e4 56. a5 Bb7 57. Na4 Ba6+ 58. Kf2 e3+ 59. Bxe3 fxe3+ 60. Kxe3 Ke5 61. Nc5 Bc8 62.
a6 Bxa6 1/2-1/2

[Event "*** Titled Tuesday Blitz"]
[Site "Chess.com"]
[Date "2019.08.06"]
[Round "5"]
[White "GMMarcinDziuba"]
[Black "AbasovN"]
[Result "1-0"]
[WhiteElo "2716"]
[BlackElo "2867"]
[TimeControl "180+2"]
[EndTime "14:05:00 PDT"]
[Termination "GMMarcinDziuba won by resignation"]

1. Nf3 c5 2. g3 Nc6 3. Bg2 g6 4. O-O Bg7 5. c4 e6 6. Nc3 d6 7. d3 Nge7 8. Qd2 O-O 9. b3 b6 10. Bb2 Bb7 11. e3 d5 12. cxd5 Nxd5 13. Rfd1 Rc8 14. Nxd5 Qxd5 15. Bxg7 Kxg7 16. Qb2+ Kg8 17. d4 cxd4 18. Nxd4 Qxg2+ 19. Kxg2 Nxd4+ 20. Kh3 Nf3 21. Rac1 Ng5+ 22. Kh4 Nf3+ 23. Kh3 Ng5+ 24. Kg4 h6 25. Rxc8 Bxc8 26. Rc1 e5+ 27. Rxc8 f5+ 28. Kh4 Rxc8 29. f4 Nf3+ 30. Kh3 Rd8 31. g4 Rd2 32. Qc1 h5 33. gxf5 e4 34. Qc8+ Kg7 35. Qb7+ Kh6 36.
Qxe4 Ng1+ 37. Kh4 Rxh2+ 38. Kg3 Rxa2 39. Qe6 Ne2+ 40. Kf3 Ng1+ 41. Ke4 Rg2 42. f6 Ne2 43. f7 Nc3+ 44. Kd3 Kg7 45. Qe8 1-0

[Event "*** Titled Tuesday Blitz"]
[Site "Chess.com"]
[Date "2019.08.06"]
[Round "5"]
[White "Ba_clbaf_osed_ingo_3v21"]
[Black "eljanov"]
[Result "0-1"]
[WhiteElo "2528"]
[BlackElo "2805"]
[TimeControl "180+2"]
[EndTime "14:05:00 PDT"]
[Termination "eljanov won by resignation"]

1. d4 d5 2. c4 c6 3. cxd5 cxd5 4. Bf4 Nc6 5. e3 Nf6 6. Nc3 Bg4 7. f3 Bf5 8. g4 Bd7 9. Bd3 e6 10. Nge2 Nb4 11. Bb1 Be7 12. a3 Nc6 13. Bd3 Rc8 14.
Rc1 Na5 15. Ng3 h6 16. h4 Nc4 17. Qe2 b5 18. Kf2 a6 19. g5 Ng8 20. Nh5 g6 21.
Ng3 hxg5 22. hxg5 Rxh1 23. Rxh1 Bxg5 24. Bxg5 Qxg5 25. f4 Qf6 26. Kg2 Ne7 27. Rh6 Qg7 28. Rh1 Nd6 29. Rc1 Kf8 30. b3 Qf6 31. Na2 Rxc1 32.
Nxc1 Nef5 33. Bxf5 Nxf5 34. Nd3 Nd6 35. Ne5 Bc8 36. Qc2 Qe7 37. Qc5 Bb7 38. Ne2 Ne4 39. Qxe7+ Kxe7 40. Nc1 Nd2 41. Nf3 Nb1 42. a4 bxa4 43.
bxa4 a5 44. Nd2 Nxd2 0-1

[Event "*** Titled Tuesday Blitz"]
[Site "Chess.com"]
[Date "2019.08.06"]
[Round "5"]
[White "chessbia"]
[Black "colegiodemadrid"]
[Result "0-1"]
[WhiteElo "2245"]
[BlackElo "2338"]
[TimeControl "180+2"]
[EndTime "14:05:00 PDT"]
[Termination "colegiodemadrid won by resignation"]

1. d4 Nf6 2. c4 c5 3. d5 b5 4. cxb5 a6 5. bxa6 g6 6. Nc3 Bg7 7. e4 O-O 8. Nf3 Qa5 9. Bd2 Bxa6 10. a4 Qb4 11. Qc2 Bxf1 12. Kxf1 Qc4+ 13. Kg1 Na6 14. b3 Nb4 15. Qb1 Qd3 16. Qxd3 Nxd3 17. Rb1 Ng4 18. Nd1 Rfb8 19. a5 c4 20. b4 Rxa5 21. h3 Nge5 22. Nxe5 Bxe5 23. Ne3 c3 24. Nc4 Ra2 25. Nxe5 Rxd2 26.
Nxd3 Rxd3 27. Kh2 c2 28. Rb2 Rd2 29. Rc1 Rxf2 30. Kg3 Rd2 31. Rcxc2 Rxc2 32. Rxc2 Rxb4 33. Kf3 Rb7 34. g4 d6 35. h4 Kg7 36. Kf4 Rb1 37.
Rf2 h6 38. g5 Rh1 39. gxh6+ Kxh6 40. Kg4 Kg7 41. Rf4 Rg1+ 42. Kh3 f6 43. Kh2 Re1 44. Kg3 Kh6 45. Kg4 Rg1+ 46. Kh3 Kh5 47. Kh2 Re1 48.
Kg3 Re3+ 49. Kg2 Ra3 50. Kh2 Rd3 51. Kg2 Rd4 52. Kf3 Rd3+ 53. Kg2 Kh6 54. Kh2 Kg7 55. Kg2 Kh6 56. Kh2 Re3 57. Kg2 Kh5 58. Kf2 Rh3 59.
e5 dxe5 60. Rc4 Rxh4 61. Rc7 Rd4 62. Rxe7 Rxd5 63. Re6 Kg5 64. Ke3 Ra5 0-1

[Event "*** Titled Tuesday Blitz"]
[Site "Chess.com"]
[Date "2019.08.06"]
[Round "5"]
[White "novocane"]
[Black "JussupowFan"]
[Result "1-0"]
[WhiteElo "2183"]
[BlackElo "2215"]
[TimeControl "180+2"]
[EndTime "14:05:01 PDT"]
[Termination "novocane won by resignation"]

1. d4 a5 2. e4 a4 3. Nf3 h5 4.
Bc4 h4 5. Bxf7+ Kxf7 6. Ne5+ Ke8 7. Qg4 e6 8. Qg6+ Ke7 9. Qf7+ Kd6 10. Bf4 Nf6 11.
Nc3 Ra5 12. Nc4+ Kc6 13. Nxa5+ Kb6 14. Nc4+ Ka7 15. O-O-O d6 16. e5 Nh5 17. exd6 Nxf4 18. Qxf4 cxd6 19. d5 e5 20. Qe3+ b6 21. Nxa4 Nd7 22.
Nc3 Ba6 23. Na3 g6 24. Kb1 Bh6 25. Qh3 Nc5 26. Nab5+ Kb7 27. Rhe1 Rf8 28. f3 Rf4 29. g3 Rb4 30. a3 Rxb5 31. Nxb5 Bxb5 32. Qxh4 Qxh4 33.
gxh4 Bf4 34. Rg1 Be2 35. Rde1 Bxf3 36. Rxg6 e4 37. Rg7+ Ka6 38. Rf7 Bxh2 39. h5 Bxh5 40. Rh7 Bg3 41. Rg1 Bf2 42. Rf1 e3 43. Rxh5 e2 44. Rhh1 exf1=Q+ 45. Rxf1 Bd4 46. c3 Be5 47. Kc2 Kb5 48. b3 Ne4 49. c4+ Kc5 50. Rf8 Nf6 51.
Rc8+ Kd4 52. Rb8 Nd7 53. Rb7 Nc5 54. Rxb6 Nd3 55. a4 Ne1+ 56. Kd1 Nd3 57. a5 Nc5 58. a6 1-0

[Event "*** Titled Tuesday Blitz"]
[Site "Chess.com"]
[Date "2019.08.06"]
[Round "5"]
[White "GMSrinath"]
[Black "vlad10898"]
[Result "1-0"]
[WhiteElo "2828"]
[BlackElo "2632"]
[TimeControl "180+2"]
[EndTime "14:05:04 PDT"]
[Termination "GMSrinath won by resignation"]

1. e4 c5 2. Nf3 d6 3. d4 cxd4 4. Nxd4 Nf6 5. Nc3 a6 6. h3 e5 7. Nde2 b5 8. g4 b4 9. Nd5 Nxd5 10. exd5 h5 11. g5 h4 12. Be3 Bf5 13. Qd2 Nd7 14. c4 Be4 15. Rg1 Nc5 16. Bxc5 dxc5 17. Qe3 Bc2 18. Qxe5+ Qe7 19. Qxe7+ Bxe7 20. Kd2 Bf5 21.
Re1 Kd7 22. Nf4 Bd6 23. Nd3 Rae8 24. Bg2 Bxd3 25. Kxd3 Rxe1 26. Rxe1 Rh5 27. Bf3 Rxg5 28. Bg4+ f5 29. Bf3 Rg6 30. a3 bxa3 31. bxa3 Bc7 32.
Bh5 Rb6 33. Be8+ Kd8 34. Ba4 Bf4 35. Re8+ Kc7 36. Re7+ Kd6 37. Rxg7 Rb2 38. Rg6+ Ke7 39. Bc2 a5 40. Ra6 Bc7 41. Re6+ Kd7 42. Ba4+ Kc8 43.
d6 Ra2 44. d7+ Kd8 1-0

[Event "*** Titled Tuesday Blitz"]
[Site "Chess.com"]
[Date "2019.08.06"]
[Round "5"]
[White "Th3ChessViking"]
[Black "Orest_Vovk"]
[Result "0-1"]
[WhiteElo "2407"]
[BlackElo "2238"]
[TimeControl "180+2"]
[EndTime "14:05:06 PDT"]
[Termination "Orest_Vovk won by resignation"]

1. d4 h6 2. Nf3 g5 3. e4 Bg7 4.
h4 g4 5. Ne5 h5 6. Bc4 e6 7. c3 d6 8. Nd3 Nc6 9. Bg5 Bf6 10. Qd2 Bxg5 11. hxg5 Bd7 12. Na3 Qe7 13. O-O-O O-O-O 14. Rh4 f5 15. exf5 exf5 16. Rdh1 Be8 17. Re1 Qg7 18. Be6+ Bd7 19. d5 Ne5 20. Nxe5 dxe5 21. Bxd7+ Rxd7 22. Qe3 Rxd5 23. Rhh1 b6 24. Nc4 e4 25. Qf4 Ne7 26. Ne3 Ra5 27. Kb1 Qe5 28. g3 Qxf4 29. gxf4 h4 30. Rd1 Ng6 31. Rd5 Rxd5 32. Nxd5 h3 33. Ne3 Nxf4 34. Nxf5 Kd7 35. Ne3 Rh4 36. Rh2 Ke6 37. Kc2 Nd5 38. Nf1 Kf5 39. Ng3+ Kf4 40. Rh1 e3 41. Ne2+ Kf3 42.
Nd4+ Kxf2 43. g6 g3 44. g7 Rg4 45. Rxh3 Rxg7 46. Nf5 Rg5 47. Nh4 Nf4 48. Rh1 e2 0-1

[Event "*** Titled Tuesday Blitz"]
[Site "Chess.com"]
[Date "2019.08.06"]
[Round "5"]
[White "Philosopherrr"]
[Black "marianokar"]
[Result "0-1"]
[WhiteElo "2453"]
[BlackElo "2436"]
[TimeControl "180+2"]
[EndTime "14:05:08 PDT"]
[Termination "marianokar won by resignation"]

1. e4 c5 2. Nf3 e6 3. d4 cxd4 4. Nxd4 Nc6 5. Nc3 a6 6. g3 d6 7.
Bg2 Nf6 8. O-O Nd7 9. Nce2 Be7 10. f4 O-O 11. c3 Qc7 12. Kh1 Re8 13. g4 Bf8 14. g5 g6 15. Ng3 Rb8 16. Qf3 Bg7 17.
Qf2 Nc5 18. Be3 Bd7 19. Rad1 b5 20. Nxc6 Bxc6 21. Bxc5 dxc5 22. Qxc5 Rec8 23. Qf2 b4 24. c4 b3 25. axb3 Rxb3 26. Rd2 Rcb8 27. e5 Bxg2+ 28. Qxg2 Qxc4 29. Ne4 Qb4 30. Rfd1 Qb6 31. Rd6 Qa5 32. Nf6+ Bxf6 33. gxf6 Rf8 34. R6d2 h6 35. Qe4 Kh7 36. Rg2 Qb4 37. Qc2 Qb7 38. Rd7 Qxd7 39. Qxb3 Rd8 40. h3 Qd1+ 41. Qxd1 Rxd1+ 42. Kh2 Rd4 43. Kg3 g5 44.
fxg5 hxg5 45. Rc2 Re4 46. Rc5 Kg6 47. Ra5 Kf5 48. Rxa6 Rxe5 49. Ra7 Kxf6 50. Ra3 Rb5 51.
Rf3+ Kg6 52. b3 Rb4 53. Rc3 f5 54. Kf3 Kf6 55. Kg3 Ke5 56. Kf3 Kd4 57. Re3 e5 58. Ke2 e4 59. Rg3 f4 60. Rxg5 Rxb3 61. h4 Rb2+ 62. Kf1 Ke3 63. h5 f3 64. Kg1 Rb1+ 65. Kh2 f2 66. Rf5 f1=Q 0-1

[Event "*** Titled Tuesday Blitz"]
[Site "Chess.com"]
[Date "2019.08.06"]
[Round "5"]
[White "biostatistician"]
[Black "medalja"]
[Result "1-0"]
[WhiteElo "2552"]
[BlackElo "2359"]
[TimeControl "180+2"]
[EndTime "14:05:09 PDT"]
[Termination "biostatistician won by resignation"]

1. d4 Nf6 2. Nf3 e6 3. c4 b6 4.
Nc3 Bb4 5. Qc2 Bb7 6. a3 Bxc3+ 7. Qxc3 Ne4 8. Qc2 O-O 9. g3 c5 10. Bg2 d5 11. O-O Nd7 12. dxc5 Rc8 13. cxd5 Bxd5 14. b4 bxc5 15. b5 c4 16. a4 Qf6 17. Ba3 Rfd8 18.
Rad1 Qc3 19. Qc1 Qb3 20. Nd4 Qxa4 21. Nc6 Re8 22. Ne7+ Rxe7 23. Bxe7 Qxb5 24. Qa3 a5 25. Rb1 Qa6 26. Rfd1 c3 27. Rbc1 Qxe2 28. Rf1 Nd2 29. Rxc3 Re8 30. Re3 Qc4 31. Rc1 Qd4 32. Rd3 Qb4 33.
Qxb4 axb4 34. Rxd2 Rxe7 35. Rc8+ Nf8 36. Bxd5 exd5 37. Rxd5 f6 38. Rdd8 Rf7 39. Rb8 g5 40. Rxb4 Kg7 41. Rdb8 Ng6 42. R8b7 h5 43. Kg2 Ne5 44.
h3 Kg6 45. Rxf7 Kxf7 46. Rb6 Kg6 47. Ra6 Kf5 48. Kf1 g4 49. h4 Ke4 50. Rxf6 Nf3 51. Rf4+ Ke5 52. Ke2 Nd4+ 53. Kd3 Nf3 54. Ke3 Ne1 55. Rc4 Ng2+ 56. Ke2 Kf5 57. Kf1 1-0

[Event "*** Titled Tuesday Blitz"]
[Site "Chess.com"]
[Date "2019.08.06"]
[Round "5"]
[White "David_Paravyan"]
[Black "GadimbayliA"]
[Result "1-0"]
[WhiteElo "2902"]
[BlackElo "2882"]
[TimeControl "180+2"]
[EndTime "14:05:10 PDT"]
[Termination "David_Paravyan won by resignation"]

1. e4 e5 2. Nf3 Nf6 3. Nxe5 d6 4.
Nf3 Nxe4 5. Nc3 Nxc3 6. dxc3 Be7 7. Be3 O-O 8. Qd2 b6 9. O-O-O Bb7 10. Nd4 Nd7 11.
Nf5 Re8 12. h4 Ne5 13. h5 h6 14. Bb5 c6 15. Be2 d5 16. Kb1 Bc8 17. Nxe7+ Qxe7 18.
Rde1 Be6 19. Bd4 Nc4 20. Bxc4 dxc4 21. Qf4 c5 22. Be3 Rad8 23. a3 Rd5 24. g4 Red8 25. Qg3 f6 26. f4 Qc7 27. Bc1 Bf7 28. Qg2 R5d7 29. Rhg1 Bd5 30. Qe2 Bf7 31. g5 fxg5 32. fxg5 Re8 33. Qg4 Rxe1 34. Rxe1 hxg5 35. Bxg5 Qd6 36. h6 Qd5 37. Bf6 Bh5 38. Qg3 Qf5 39. Bxg7 Kh7 40. Qb8 Kg6 41. Qe8+ Rf7 42. Rg1+ Bg4 43.
h7 Kxg7 44. h8=Q+ 1-0

[Event "*** Titled Tuesday Blitz"]
[Site "Chess.com"]
[Date "2019.08.06"]
[Round "5"]
[White "ArnaudovP"]
[Black "iturrizaga"]
[Result "0-1"]
[WhiteElo "2661"]
[BlackElo "2940"]
[TimeControl "180+2"]
[EndTime "14:05:10 PDT"]
[Termination "iturrizaga won by resignation"]

1. Nf3 b6 2. g3 Bb7 3. Bg2 g6 4. O-O Bg7 5. d4 Nf6 6. c4 O-O 7. d5 e6 8. Nc3 exd5 9. cxd5 Re8 10. Nd4 c5 11. Ndb5 d6 12. Bf4 Bf8 13. a4 a6 14. Na3 Nh5 15. Bd2 Nd7 16. Nc4 Qc7 17.
e4 Rab8 18. g4 Nhf6 19. Bf4 h5 20. h3 hxg4 21. hxg4 Bc8 22. g5 Nh5 23. Bh2 Ne5 24. Ne3 c4 25. f4 Nd3 26. Bf3 Nhxf4 27. Bg4 Bxg4 28. Nxg4 Nh5 29. Qf3 Bg7 30. Nf6+ Bxf6 31. gxf6 Kh7 32. Rad1 Rh8 33. Rd2 b5 34. axb5 axb5 35.
Rg2 Kg8 36. e5 Nxe5 37. Bxe5 dxe5 38. Qe4 Qb6+ 39. Rff2 Nf4 40. d6 Nh3+ 41. Kf1 Nxf2 42.
Rxf2 Qxd6 43. Nd5 Rd8 44. Rd2 Kf8 45. Rd1 Rh5 46. Kg1 Qc5+ 47. Kg2 Qc6 48. Kg3 Rxd5 49. Rxd5 Qxf6 50. Rxb5 Rg5+ 51. Kh3 Kg7 52. Rb7 Qf2 0-1

[Event "*** Titled Tuesday Blitz"]
[Site "Chess.com"]
[Date "2019.08.06"]
[Round "5"]
[White "tteshan"]
[Black "GeorgeTen"]
[Result "0-1"]
[WhiteElo "2174"]
[BlackElo "2256"]
[TimeControl "180+2"]
[EndTime "14:05:10 PDT"]
[Termination "GeorgeTen won by checkmate"]

1. d4 d5 2. c4 dxc4 3. e3 e6 4.
Bxc4 Nf6 5. Nc3 c5 6. Nf3 a6 7.
O-O b5 8. Be2 Bb7 9. dxc5 Qxd1 10.
Rxd1 Bxc5 11. a3 Nbd7 12. b4 Bb6 13. Bb2 Ke7 14. Nd2 Rac8 15. Bf3 Bxf3 16. Nxf3 Rc4 17. Rac1 Rhc8 18. h3 h6 19. Ne2 Nd5 20. Nfd4 N7f6 21.
Rxc4 Rxc4 22. Rc1 Rxc1+ 23. Bxc1 Ne4 24. f3 Nd6 25. Kf2 Nc4 26. e4 Nc3 27. Ke1 Nb1 28. Nc2 a5 29. Nf4 a4 30. Nd3 Kd6 31. Ke2 e5 32. Nf2 g6 33. Ng4 h5 34. Nf6 Ke6 35. Nd5 Bd8 36. Kd3 f5 37. exf5+ Kxd5 38. fxg6 Bf6 39.
Ne3+ Nxe3 40. Bxe3 Nxa3 41. Bh6 Nc4 42. g7 Bxg7 43.
Bxg7 a3 44. f4 a2 45. fxe5 a1=Q 46. Ke2 Nxe5 47. Bf6 Qb2+ 48. Ke3 Nc4+ 49. Kf3 Qxf6+ 50. Kg3 Ne5 51. h4 Qf5 52. Kh2 Qg4 53. g3 Ke4 54.
Kg2 Ke3 55. Kh2 Kf3 56. Kh1 Qh3+ 57. Kg1 Qg2# 0-1

[Event "*** Titled Tuesday Blitz"]
[Site "Chess.com"]
[Date "2019.08.06"]
[Round "5"]
[White "EugeneRougon"]
[Black "Heineccius"]
[Result "0-1"]
[WhiteElo "2648"]
[BlackElo "2546"]
[TimeControl "180+2"]
[EndTime "14:05:12 PDT"]
[Termination "Heineccius won on time"]

1. e4 c5 2. Nf3 e6 3. g3 d5 4.
exd5 Qxd5 5. Bg2 Nc6 6. O-O Qd7 7. d3 Nf6 8. Nbd2 Be7 9. Nc4 O-O 10. a4 Nd5 11. a5 Rb8 12. Re1 b5 13. axb6 axb6 14. Bd2 Qc7 15. Nce5 Bb7 16. Nxc6 Bxc6 17. Ne5 Bb7 18. Qg4 Nf6 19. Qe2 Bxg2 20. Kxg2 Ra8 21. Qf3 Rxa1 22. Rxa1 Qxe5 23. Ra7 Qd6 24. Qb7 Bd8 25. f3 Qe5 26. Bc3 Qe2+ 27. Kg1 Nd5 28. Ra1 Ne3 29. f4 Ng4 30. Qg2 Qxg2+ 31. Kxg2 Ne3+ 32.
Kf3 Nxc2 33. Ra7 Bf6 34. Rb7 Nd4+ 35. Kf2 Rd8 36. Rxb6 g5 37. fxg5 Bxg5 38. Rb7 Bf6 39. Ba5 Rd5 40. g4 h5 41. h3 Kg7 42. Bc3 h4 0-1

[Event "*** Titled Tuesday Blitz"]
[Site "Chess.com"]
[Date "2019.08.06"]
[Round "5"]
[White "OlympusMons95"]
[Black "imdvb6307"]
[Result "1-0"]
[WhiteElo "2643"]
[BlackElo "2411"]
[TimeControl "180+2"]
[EndTime "14:05:14 PDT"]
[Termination "OlympusMons95 won by resignation"]

1. Nf3 d5 2. e3 Nf6 3. c4 c6 4.
Nc3 Bg4 5. Qb3 Qb6 6. Ne5 Be6 7. d4 Nbd7 8. Nxd7 Nxd7 9. cxd5 Qxb3 10. axb3 Bxd5 11. e4 Bxb3 12. Ra3 Be6 13. d5 Bg4 14. f3 Bh5 15. Be3 e5 16. Rxa7 Rxa7 17. Bxa7 Bc5 18. Bxc5 Nxc5 19. h4 f6 20. Bc4 b5 21. b4 Na6 22.
Nxb5 Nxb4 23. Nd6+ Kd7 24. Nf5 cxd5 25. exd5 Bf7 26. Kf2 g6 27. Ne3 f5 28. Rb1 Rb8 29.
g3 f4 30. Ng4 Kd6 31. Nf6 fxg3+ 32. Kxg3 h6 33. Ne4+ Kd7 34. Rb2 Rb6 35. Nc5+ Kc7 36.
Rxb4 Rxb4 37. Na6+ Kb6 38. Nxb4 Kc5 39. d6 Be8 40.
Nd5 Kxd6 41. Nf6 Bc6 42. Bd3 g5 43. h5 Ke6 44. Ng4 Be8 45. Bg6 Bxg6 46. hxg6 h5 47.
Nxe5 Kf6 48. f4 g4 49. Kh4 Ke6 50. g7 1-0

[Event "*** Titled Tuesday Blitz"]
[Site "Chess.com"]
[Date "2019.08.06"]
[Round "5"]
[White "sergiochess83"]
[Black "MITerryble"]
[Result "1-0"]
[WhiteElo "2919"]
[BlackElo "2875"]
[TimeControl "180+2"]
[EndTime "14:05:16 PDT"]
[Termination "sergiochess83 won by resignation"]

1. e4 e6 2. d4 d5 3. Nd2 Be7 4. Ngf3 Nf6 5. Bd3 c5 6. exd5 Qxd5 7. dxc5 Qxc5 8. O-O Nbd7 9. Qe2 O-O 10. a4 b6 11. Ne4 Qc7 12. Nxf6+ Nxf6 13. Ne5 Bb7 14. Bf4 Bd6 15. Bg3 Rfd8 16. Rfe1 Rac8 17. Rad1 Ba8 18.
Ba6 Bb7 19. Bxb7 Qxb7 20. Nxf7 Qxf7 21. Rxd6 Rxd6 22. Bxd6 Qd7 23. Be5 Nd5 24. b3 Nb4 25. Bxg7 Rxc2 26. Qg4 Qxg7 27. Qxb4 Qf6 28. Qg4+ Kf8 29.
Qg3 Qc3 30. Qf4+ Kg7 31. Qg4+ Kh8 32. Qxe6 Rc1 33. Kf1 Qd3+ 34. Qe2 Rxe1+ 35. Kxe1 Qxb3 36. Qe5+ Kg8 37. Qb8+ Kg7 38. Qxa7+ Kg6 39. Qd7 Qb1+ 40. Qd1 Qe4+ 41. Kf1 Qb4 42. Qc2+ Kf6 43. g3 h5 44. h4 Qd4 45. Qc6+ Kg7 46. Kg2 Qb4 47. Qd7+ Kg6 48. Qd3+ Kg7 49. Qb5 Qd4 50. Qg5+ Kf8 51. Qxh5 Qe4+ 52. Qf3+ 1-0

[Event "*** Titled Tuesday Blitz"]
[Site "Chess.com"]
[Date "2019.08.06"]
[Round "5"]
[White "Nancy11111"]
[Black "chedimir"]
[Result "1-0"]
[WhiteElo "2325"]
[BlackElo "2266"]
[TimeControl "180+2"]
[EndTime "14:05:17 PDT"]
[Termination "Nancy11111 won by resignation"]

1. d4 g6 2. e4 Bg7 3. Nf3 d6 4.
Nbd2 e6 5. Bd3 a6 6. c3 b5 7. Qe2 Bb7 8. O-O Ne7 9. a4 bxa4 10.
Rxa4 c5 11. b4 cxb4 12. Rxb4 Qc7 13. Bb2 O-O 14. h3 a5 15. Ra4 Bc6 16. Raa1 Nd7 17. Ba3 Rfb8 18. e5 Nc8 19. exd6 Nxd6 20. Rfc1 Nb5 21.
Bb2 a4 22. Nc4 Nb6 23. Na3 Nxa3 24. Bxa3 Bxf3 25. Qxf3 Nc4 26. Bc5 Nd2 27. Qd1 Nb3 28. Be4 Ra6 29. Bd3 Rc6 30. Rxa4 Nxc1 31. Qxc1 Rxc5 32. dxc5 Qxc5 33. Rc4 Qd6 34. Bf1 h6 35. g3 Kh7 36. Bg2 Rb3 37. Rc6 Qd3 38. Bf1 Qe4 39.
Bg2 Qd3 40. Bf1 Qf5 41. Qd2 Rb1 42. h4 Be5 43. Qe2 h5 44. Rc5 f6 45. Rc8 Qg4 46. Qd3 Qa4 47. Qxb1 f5 48. Qb7+ Kh6 49. Qb5 Qxb5 50.
Bxb5 g5 51. Rc6 gxh4 52. gxh4 Bxc3 53. Rxc3 Kg6 54. Rc6 Kf6 55. Bc4 1-0

[Event "*** Titled Tuesday Blitz"]
[Site "Chess.com"]
[Date "2019.08.06"]
[Round "5"]
[White "nailbeshirli"]
[Black "GM_shahin"]
[Result "0-1"]
[WhiteElo "2651"]
[BlackElo "2897"]
[TimeControl "180+2"]
[EndTime "14:05:19 PDT"]
[Termination "GM_shahin won by resignation"]

1. e4 c6 2. d4 d5 3. Nc3 dxe4 4. Nxe4 Bf5 5. Ng3 Bg6 6. h4 h6 7. Nf3 Nd7 8. h5 Bh7 9. Bd3 Bxd3 10. Qxd3 e6 11.
Bd2 Ngf6 12. O-O-O Be7 13. Ne4 Nxe4 14. Qxe4 Nf6 15.
Qd3 Qd5 16. c4 Qe4 17. Qb3 O-O-O 18. Rde1 Qh7 19. Ne5 Rhf8 20. Qa4 Kb8 21. Rh3 Rc8 22. Bf4 Ka8 23. Rb3 Nxh5 24. Be3 Nf6 25. d5 c5 26. Ra3 a6 27. Nc6 Bd6 28. Qa5 Nd7 29. Rd1 Bc7 30. Qa4 Qe4 31. dxe6 Qxe6 32. Na7 Nb6 33. Qb3 Qxc4+ 34.
Qxc4 Nxc4 35. Nxc8 Nxa3 36. Nd6 Bxd6 37. bxa3 Rd8 38.
Kc2 b6 39. g4 Kb7 40. a4 Kc6 41. Rh1 f6 42. Bd2 Be5 43. f4 Bd4 44. Re1 Kd7 45. Rb1 c4 46. Rb4 Rc8 47. Rb1 Kc6 48. Re1 Kd7 49. Re4 Bg1 50. Bb4 Bc5 51. Rxc4 Bxb4 0-1

[Event "*** Titled Tuesday Blitz"]
[Site "Chess.com"]
[Date "2019.08.06"]
[Round "5"]
[White "fancyknightmaneuvers"]
[Black "Thee-Chessboy"]
[Result "0-1"]
[WhiteElo "2538"]
[BlackElo "2412"]
[TimeControl "180+2"]
[EndTime "14:05:19 PDT"]
[Termination "Thee-Chessboy won by resignation"]

1. e4 c5 2. Nf3 d6 3. Bb5+ Bd7 4.
Bxd7+ Qxd7 5. c4 Nf6 6. Nc3 Nc6 7. d4 cxd4 8. Nxd4 g6 9. f3 Bg7 10. Be3 O-O 11. O-O a6 12. Qe2 Nxe4 13. Nxe4 Nxd4 14.
Qd2 Nf5 15. Bf2 h5 16. Rfd1 Qc6 17. Rac1 Rac8 18. b4 Rfd8 19. Be3 b5 20. cxb5 Qxb5 21. Bg5 Kf8 22. h3 Nd4 23. Kh1 Qe2 24. Qf4 Ne6 25. Qg3 Be5 26. Qh4 Nxg5 27. Qxg5 d5 28. Qh6+ Bg7 29.
Rxc8 Rxc8 30. Qd2 Qxd2 31. Nxd2 e6 32. Nb3 Rc4 33. a3 Rc3 34. Rb1 Bf6 35. Kg1 Be7 36.
Kf2 Rc2+ 37. Kf1 Ra2 38. Nd4 Rxa3 39. Nc6 Bd6 40. Rc1 Ke8 41. Rc2 Kd7 42. Na5 Bxb4 43. Nc6 Bd6 44. Nd4 Ra1+ 45. Ke2 a5 46. Rb2 Bb4 47. Rc2 a4 48. Nb5 Bd6 49. Rb2 a3 50. Rd2 a2 51. Rc2 Rg1 0-1

[Event "*** Titled Tuesday Blitz"]
[Site "Chess.com"]
[Date "2019.08.06"]
[Round "5"]
[White "Litti"]
[Black "Vnebo"]
[Result "1/2-1/2"]
[WhiteElo "2494"]
[BlackElo "2689"]
[TimeControl "180+2"]
[EndTime "14:05:26 PDT"]
[Termination "Game drawn by repetition"]

1. e4 c5 2. Nf3 Nc6 3. d4 cxd4 4. Nxd4 Nf6 5. Nc3 d6 6. Bg5 e6 7. Qd2 Be7 8. f4 h6 9. Bxf6 Bxf6 10. Nxc6 bxc6 11. Bd3 Qb6 12. e5 dxe5 13. Ne4 exf4 14.
Nxf6+ gxf6 15. Qxf4 Qxb2 16. O-O Qe5 17. Qxf6 Qxf6 18.
Rxf6 Rb8 19. Raf1 Rf8 20. Rxh6 Ke7 21. Rh4 Bd7 22. Ra4 Rb7 23. h4 f5 24. h5 e5 25.
Rh4 Be6 26. h6 e4 27. Be2 Rh8 28. g4 fxg4 29. Bxg4 Bxg4 30. Rxg4 Ke6 31. Rg6+ Kd5 32. Rf5+ Kd4 33. Rd6+ Ke3 34. Rxc6 Rb1+ 35. Kh2 Rb6 36. Rxb6 axb6 37. Rf6 Kd2 38. Rxb6 e3 39. Rd6+ Ke1 40. Kg3 e2 41. Kg4 Kf2 42. Rf6+ Kg2 43. Re6 Kf2 44. Kg5 e1=Q 45. Rxe1 Kxe1 46. Kg6 Rc8 47. h7 Rc6+ 48.
Kg7 Rc7+ 49. Kg8 Rc8+ 50. Kg7 Rc7+ 51. Kg6 Rc6+ 52. Kg7 Rc7+ 1/2-1/2

[Event "*** Titled Tuesday Blitz"]
[Site "Chess.com"]
[Date "2019.08.06"]
[Round "5"]
[White "qqwow"]
[Black "Arystanner"]
[Result "1-0"]
[WhiteElo "2548"]
[BlackElo "2655"]
[TimeControl "180+2"]
[EndTime "14:05:26 PDT"]
[Termination "qqwow won by resignation"]

1. d4 d5 2. c4 e6 3. Nc3 a6 4.
cxd5 exd5 5. Bf4 Nf6 6. e3 Bd6 7. Bg3 c6 8. Nf3 Bf5 9. Bd3 Bxd3 10. Qxd3 O-O 11. Ne5 Re8 12. h3 c5 13. O-O Nc6 14.
Nxc6 bxc6 15. Bxd6 Qxd6 16. dxc5 Qxc5 17. Rac1 Qd6 18.
Rfd1 a5 19. b3 Rad8 20. Na4 Ne4 21. Qd4 h5 22. Nc5 Qg6 23. Nxe4 Rxe4 24. Qb6 Rd6 25. Qxa5 Re5 26. h4 Re4 27. Rd4 Rxd4 28. exd4 Qf6 29. Qc7 Re6 30. a4 Qxd4 31. a5 Rf6 32. Rf1 c5 33. a6 Kh7 34. a7 Ra6 35. Qb7 Ra1 36. Rxa1 Qxa1+ 37. Kh2 Qe5+ 38. g3 Qf5 39. Kg1 Qb1+ 40. Kg2 Qe4+ 41. Kf1 Qh1+ 42. Ke2 Qe4+ 43. Kd2 Qd4+ 44. Kc2 Qxf2+ 45. Kb1 Qe1+ 46. Ka2 Qd2+ 47. Ka3 Qa5+ 48. Kb2 Qd2+ 49. Ka3 c4 50. a8=Q c3 51. Qxd5 Qe2 52. Qe4+ 1-0

[Event "*** Titled Tuesday Blitz"]
[Site "Chess.com"]
[Date "2019.08.06"]
[Round "5"]
[White "dawtonlms"]
[Black "Quiet_Desperation"]
[Result "0-1"]
[WhiteElo "2411"]
[BlackElo "2496"]
[TimeControl "180+2"]
[EndTime "14:05:27 PDT"]
[Termination "Quiet_Desperation won on time"]

1. e4 e6 2. d4 d5 3. Nd2 Nf6 4. e5 Nfd7 5. f4 c5 6. Ngf3 Nc6 7. Nb3 a5 8. a4 cxd4 9. Nbxd4 Qb6 10.
c3 Nxd4 11. Nxd4 f6 12. Bb5 fxe5 13. fxe5 Bc5 14. O-O Kd8 15. Bg5+ Kc7 16. Rf7 Rf8 17. Rxg7 Kb8 18. Bh4 Nxe5 19. Bg3 Bd6 20. Rxh7 Ng6 21.
Qg4 Nf4 22. Qg7 e5 23. Bf2 exd4 24. Bxd4 Qc7 25. Rf1 Qxg7 26. Rxg7 Ne6 27. Rxf8 Bxf8 28. Rf7 Nxd4 29. cxd4 Bh6 30. Kf2 Bc1 31. h4 Bxb2 32. Ke3 Bg4 33. Rg7 Bf5 34. g4 Be4 35. h5 Ka7 36.
Bc6 Rb8 37. g5 Kb6 38. Bb5 Rf8 39. h6 Rf3+ 40. Ke2 Bxd4 41. Rd7 Rf2+ 42. Ke1 Rh2 43.
Rd6+ Kc5 44. Re6 Kb4 45. g6 Rxh6 46. g7 Bxg7 0-1

[Event "*** Titled Tuesday Blitz"]
[Site "Chess.com"]
[Date "2019.08.06"]
[Round "5"]
[White "AlexanderKing"]
[Black "marcodobrikov"]
[Result "0-1"]
[WhiteElo "2643"]
[BlackElo "2446"]
[TimeControl "180+2"]
[EndTime "14:05:28 PDT"]
[Termination "marcodobrikov won on time"]

1. d4 Nf6 2. c4 g6 3. Nc3 d5 4. cxd5 Nxd5 5. e4 Nxc3 6. bxc3 Bg7 7. Nf3 c5 8. Rb1 O-O 9. Be2 Qa5 10. O-O cxd4 11.
cxd4 Qxa2 12. Bg5 Qe6 13. Qc2 b6 14. Bc4 Qd7 15. Rfd1 Ba6 16. Bd5 Bb7 17. Ne5 Bxe5 18. dxe5 Bxd5 19. exd5 Na6 20. d6 exd6 21. exd6 f6 22.
Be3 Rf7 23. Rbc1 Nc5 24. Bxc5 Rc8 25. Qe4 bxc5 26. Qd5 Kg7 27. Rxc5 Rxc5 28. Qxc5 Qb7 29. h3 Rd7 30. Re1 Qb6 31. Qc8 Qxd6 32. Qe8 Rf7 33.
Qe3 a5 34. g3 a4 35. Ra1 Qc6 36. Qd4 a3 37. Qd3 Ra7 38. Qd4 Qa6 39. Kh2 a2 40.
Qe3 Rb7 41. h4 Qa7 42. Qd2 Rd7 43. Qxa2 Qb7 44. Qa6 Qf3 45. Qb6 Rd2 46. Rf1 Kh6 47.
Kg1 Re2 48. Qc5 Re5 49. Qf8+ Kh5 50. Qb4 Re4 51. Qb1 Kg4 52. Qd1 Re2 53. Qd7+ f5 0-1